Map: [ESL] Tropical Sacrifice

Players

GogojOey

  • Race: Zerg Zerg
  • Spawn Location: 1:00

ButAlways - Winner!

  • Race: Protoss Protoss
  • Spawn Location: 7:00

Event: DreamHack SC2 Masters 2022 Atlanta (Online)

VOD

Have the link to the VOD?

Description

Time

  • Played on: Sept. 28, 2022, 7:20 a.m.
  • Length: 17:30

All games in this series

Show
View Real Time Build Order
Export as new Build Order

GogojOey Zerg 

Build Orders: Pool First, Lurkers 

Get SALT Encoding   

  12  0:00  Drone  
  13  0:12  Overlord  
  13  0:17  Drone  
  14  0:31  Drone x2  
  16  0:41  Spawning Pool  
  15  0:45  Drone  
  15  0:49  Drone  
  17  1:09  Hatchery  
  16  1:13  Drone  
  17  1:27  Extractor  
  17  1:28  Zergling x6  
  19  1:34  Queen  
  21  1:40  Overlord  
  21  1:50  Drone  
  22  2:01  Drone  
  23  2:09  Queen  
  23  2:12  Drone  
  26  2:23  Drone  
  27  2:33  Drone x2  
  27  2:34  Drone, Hatchery  
  29  2:49  Drone  
  29  2:50  Drone x3  
  32  2:56  Queen  
  33  3:02  Overlord  
  33  3:05  Drone x2  
  35  3:08  Drone  
  35  3:19  Drone  
  36  3:23  Zergling x4  
  36  3:24  Queen  
  36  3:25  Metabolic Boost  
  40  3:28  Drone x2  
  40  3:31  Zergling x2  
  43  3:37  Overlord  
  43  3:39  Zergling x2  
  44  3:46  Queen  
  44  3:47  Drone x2  
  48  3:52  Drone  
  48  3:53  Drone  
  50  3:58  Drone x2  
  50  3:59  Drone x3  
  55  4:03  Drone x2  
  55  4:09  Overlord  
  57  4:11  Drone  
  57  4:16  Overlord  
  58  4:18  Overlord  
  58  4:23  Evolution Chamber  
  57  4:25  Drone  
  57  4:27  Queen  
  57  4:29  Spore Crawler, Drone  
  57  4:30  Drone x3  
  63  4:31  Drone  
  63  4:32  Drone  
  65  4:39  Drone x4  
  65  4:42  Spore Crawler  
  65  4:43  Drone  
  65  4:44  Drone  
  70  4:49  Overlord  
  70  4:50  Drone x3  
  73  4:55  Zerg Melee Weapons Level 1  
  73  4:57  Spore Crawler, Drone  
  73  4:58  Baneling Nest, Drone  
  73  5:04  Extractor  
  73  5:05  Overlord  
  72  5:09  Zergling x8  
  72  5:13  Zergling x6  
  75  5:25  Zergling x14  
  75  5:27  Lair  
  75  5:28  Hatchery  
  81  5:44  Zergling x12  
  86  5:51  Drone x5  
  86  5:52  Extractor  
  87  5:59  Zergling x2  
  87  6:00  Zergling x6  
  87  6:01  Overlord x2  
  87  6:09  Zergling x6  
  85  6:14  Drone x3  
  85  6:15  Drone  
  89  6:18  Overlord x2  
  89  6:21  Drone x3  
  89  6:23  Extractor  
  89  6:25  Zergling x6, Extractor  
  93  6:27  Zergling x6  
  95  6:34  Hydralisk Den  
  94  6:40  Centrifugal Hooks  
  94  6:42  Drone x4  
  94  6:45  Zergling x6  
  101  6:49  Zergling x10  
  101  6:51  Baneling x6  
  101  6:52  Queen  
  101  6:53  Drone  
  109  6:55  Zerg Melee Weapons Level 2  
  109  6:56  Hatchery  
  109  6:57  Drone x3  
  109  7:00  Overlord  
  109  7:01  Drone  
  112  7:03  Drone x2  
  110  7:09  Spore Crawler  
  110  7:11  Drone  
  110  7:13  Drone x6  
  116  7:16  Grooved Spines  
  116  7:22  Drone  
  117  7:25  Drone  
  118  7:30  Hatchery  
  117  7:41  Hydralisk x10  
  117  7:43  Extractor  
  134  7:49  Hydralisk  
  134  7:50  Overlord x2  
  136  7:54  Spine Crawler  
  136  7:57  Overlord  
  134  8:07  Queen  
  134  8:08  Hydralisk x5, Drone x3  
  134  8:09  Zergling x2  
  150  8:17  Hatchery  
  150  8:18  Drone x3  
  150  8:19  Hydralisk  
  152  8:20  Zergling x14  
  161  8:28  Muscular Augments  
  161  8:29  Overseer, Pneumatized Carapace  
  161  8:33  Infestation Pit  
  160  8:34  Overlord  
  160  8:35  Extractor, Overlord  
  160  8:40  Overlord x3  
  159  8:43  Drone  
  159  8:44  Drone x2  
  159  8:45  Drone  
  159  8:46  Overlord  
  163  8:50  Baneling  
  163  8:51  Baneling x6  
  163  8:53  Hydralisk x5  
  163  8:54  Zergling x4  
  175  8:59  Hydralisk  
  175  9:00  Zergling x8  
  181  9:05  Lurker Den  
  172  9:14  Hydralisk  
  172  9:15  Zergling x16, Hydralisk  
  172  9:16  Zergling x8  
  174  9:21  Hydralisk  
  174  9:22  Zergling x10  
  175  9:28  Extractor  
  175  9:29  Hive  
  174  9:37  Zerg Missile Weapons Level 1  
  174  9:38  Hydralisk, Drone  
  175  9:39  Zergling x16, Evolution Chamber  
  175  9:41  Baneling x4  
  184  9:46  Drone x5  
  189  9:55  Zergling x16  
  189  9:59  Spine Crawler  
  187  10:17  Zergling x8  
  191  10:22  Lurker x8  
  191  10:25  Spore Crawler, Extractor x2  
  191  10:26  Spine Crawler  
  191  10:28  Drone x4, Spine Crawler  
  197  10:31  Spine Crawler  
  197  10:33  Overseer  
  190  10:53  Adaptive Talons  
  185  11:01  Lurker x5  
  185  11:02  Lurker  
  185  11:03  Hydralisk  
  185  11:04  Zergling x22  
  197  11:12  Zerg Melee Weapons Level 3  
  197  11:14  Drone  
  197  11:15  Drone x2  
  196  11:27  Overseer  
  196  11:28  Overseer  
  196  11:31  Overseer  
  189  11:48  Spire  
  189  11:49  Hydralisk x2  
  189  11:50  Zergling x34  
  189  11:51  Seismic Spines  
  166  11:57  Hydralisk x18  
  166  11:58  Zergling x10  
  199  12:28  Baneling  
  199  12:29  Baneling x5  
  198  12:31  Zerg Missile Weapons Level 2  
  198  12:32  Adrenal Glands  
  182  12:59  Overseer  
  182  13:02  Zerg Flyer Weapons Level 1  
  182  13:08  Corruptor  
  182  13:09  Corruptor x7  
  198  13:17  Drone x2  
  200  13:21  Spine Crawler  
  200  13:24  Spine Crawler  
  200  13:25  Viper x2  
  200  13:31  Extractor x2  
  197  13:34  Hydralisk  
  197  13:40  Corruptor x3  
  200  13:45  Spire  
  192  13:49  Drone x3  
  192  13:50  Drone x5  
  192  13:52  Spore Crawler x2  
  192  13:54  Overseer  
  173  14:15  Corruptor x10  
  180  14:17  Zerg Ground Armor Level 1  
  180  14:20  Zergling x20  
  180  14:23  Lurker  
  180  14:24  Lurker x3  
  194  14:25  Overlord  
  194  14:27  Overlord  
  192  14:44  Zergling x26  
  193  14:50  Lurker x4  
  194  15:14  Hydralisk x4  
  197  15:24  Hydralisk x3  
  197  15:26  Overlord  
  192  15:32  Hydralisk x2  
  192  15:33  Hydralisk x2  
  194  15:46  Corruptor x2  
  194  15:48  Greater Spire  
  198  15:50  Zergling x4  
  198  15:57  Lurker x2  
  199  16:01  Overseer x2  
  199  16:02  Overseer  
  198  16:07  Hydralisk x2  
  199  16:16  Zergling x2  
  199  16:26  Zergling x6  
  199  16:30  Lurker x2  
  162  16:40  Corruptor x2  
  162  16:41  Corruptor  
  162  16:42  Hydralisk x4  
  162  16:43  Zergling x2, Hydralisk x6  
  164  16:47  Hydralisk x8  
  157  16:54  Hydralisk x2  
  157  16:55  Hydralisk x10  
  157  16:56  Overlord  
  177  17:05  Overlord  
  177  17:06  Overlord x2  
Show
View Real Time Build Order
Export as new Build Order

ButAlways Protoss - Winner!

Build Orders: 1 Gate Expand, Carriers, Zealot Archon 

Get SALT Encoding   

  12  0:00  Probe  
  13  0:12  Probe  
  14  0:20  Pylon  
  14  0:24  Probe  
  15  0:38  Probe (Chrono Boost)  
  15  0:41  Gateway  
  16  0:47  Probe (Chrono Boost)  
  16  0:48  Assimilator  
  17  0:53  Probe  
  18  1:05  Probe  
  19  1:17  Probe  
  20  1:26  Nexus  
  20  1:37  Cybernetics Core  
  20  1:39  Probe  
  21  1:48  Assimilator  
  21  1:51  Probe  
  22  1:55  Pylon  
  22  2:03  Probe  
  23  2:11  Probe  
  26  2:24  Pylon x2  
  26  2:29  Adept (Chrono Boost)  
  26  2:30  Pylon  
  26  2:32  Pylon  
  26  2:41  Pylon  
  26  2:47  Probe  
  26  2:53  Probe  
  27  2:59  Probe  
  29  3:07  Probe (Chrono Boost)  
  29  3:12  Adept  
  30  3:13  Probe (Chrono Boost)  
  32  3:23  Probe x2 (Chrono Boost)  
  32  3:26  Stargate  
  33  3:29  Probe  
  33  3:30  Probe  
  35  3:34  Warp Gate  
  35  3:42  Probe (Chrono Boost)  
  35  3:46  Probe (Chrono Boost)  
  35  3:48  Stalker  
  39  3:53  Probe (Chrono Boost)  
  41  3:56  Probe (Chrono Boost)  
  41  3:58  Probe (Chrono Boost)  
  42  4:06  Probe  
  42  4:07  Oracle (Chrono Boost)  
  43  4:10  Probe  
  43  4:14  Pylon  
  47  4:18  Probe  
  48  4:25  Nexus  
  48  4:27  Probe  
  48  4:30  Probe  
  50  4:37  Oracle  
  53  4:39  Probe  
  53  4:42  Probe (Chrono Boost)  
  53  4:43  Gateway  
  55  4:51  Pylon  
  56  4:54  Probe (Chrono Boost)  
  56  4:55  Assimilator  
  56  4:56  Probe (Chrono Boost)  
  56  4:57  Assimilator  
  57  5:03  Probe (Chrono Boost)  
  57  5:06  Twilight Council, Probe (Chrono Boost)  
  59  5:07  Forge  
  59  5:08  Probe  
  58  5:15  Probe  
  58  5:20  Probe (Chrono Boost)  
  58  5:21  Shield Battery  
  58  5:23  Adept  
  61  5:32  Probe x2 (Chrono Boost)  
  62  5:40  Stalker  
  62  5:41  Probe (Chrono Boost)  
  67  5:43  Probe (Chrono Boost)  
  67  5:44  Probe (Chrono Boost)  
  67  5:46  Protoss Ground Weapons Level 1  
  67  5:47  Probe  
  67  5:48  Blink (Chrono Boost)  
  68  5:52  Probe  
  68  5:53  Adept, Probe  
  72  5:59  Probe  
  70  6:04  Probe  
  70  6:05  Adept, Probe  
  70  6:11  Templar Archives, Probe  
  71  6:14  Stalker  
  71  6:16  Probe  
  74  6:18  Gateway  
  74  6:20  Probe, Gateway  
  74  6:22  Gateway  
  74  6:23  Probe  
  76  6:26  Adept, Gateway  
  76  6:28  Probe  
  76  6:31  Photon Cannon  
  79  6:33  Probe  
  79  6:36  Assimilator  
  79  6:39  Assimilator  
  80  6:41  Photon Cannon  
  80  6:44  Shield Battery  
  80  6:48  Probe x2, Pylon  
  80  6:51  Pylon  
  82  6:56  Psionic Storm  
  82  7:00  Zealot  
  84  7:09  Photon Cannon  
  84  7:11  Photon Cannon x2  
  84  7:15  High Templar x2  
  88  7:19  Archon  
  88  7:22  Charge (Chrono Boost)  
  88  7:23  Pylon  
  88  7:25  Gateway  
  88  7:27  Gateway  
  88  7:30  High Templar x4  
  88  7:32  Photon Cannon  
  88  7:34  Shield Battery, Archon x2  
  88  7:35  Probe  
  96  7:41  Probe  
  96  7:43  Probe  
  98  7:48  Probe  
  99  7:51  High Templar  
  99  7:52  Pylon  
  99  7:55  Pylon x2  
  99  7:57  Probe  
  101  8:04  Protoss Ground Weapons Level 2  
  101  8:05  Nexus  
  101  8:09  Pylon  
  101  8:10  Probe x3  
  101  8:11  High Templar  
  101  8:12  High Templar  
  108  8:19  Pylon  
  108  8:20  Stalker  
  108  8:22  Probe x3  
  113  8:28  Photon Cannon, High Templar x2  
  113  8:29  Shield Battery  
  117  8:34  Probe x3  
  117  8:37  Gateway  
  117  8:38  Gateway  
  114  8:46  Robotics Facility, Probe x3  
  117  8:53  High Templar  
  117  8:54  High Templar  
  121  8:57  Pylon  
  121  8:58  Zealot x3, Probe, Assimilator  
  128  9:04  Zealot x2  
  128  9:05  Photon Cannon  
  128  9:07  Photon Cannon  
  128  9:08  Photon Cannon  
  129  9:19  Archon  
  129  9:20  Archon  
  129  9:22  Probe x2  
  119  9:27  High Templar x2  
  119  9:28  Photon Cannon  
  119  9:30  Stargate  
  119  9:31  Probe, Pylon  
  124  9:34  Nexus  
  124  9:38  Photon Cannon  
  124  9:40  Pylon  
  124  9:44  Pylon  
  124  9:46  Assimilator  
  124  9:47  Observer (Chrono Boost)  
  124  9:49  Fleet Beacon  
  125  9:56  Zealot x2  
  129  10:00  Zealot  
  129  10:06  High Templar x2  
  133  10:09  Zealot x5  
  133  10:14  Photon Cannon  
  141  10:19  Shield Battery  
  141  10:21  Shield Battery  
  141  10:26  Photon Cannon  
  141  10:32  Carrier (Chrono Boost), Protoss Air Weapons Level 1 (Chrono Boost)  
  141  10:33  Observer  
  150  10:45  Carrier (Chrono Boost)  
  150  10:48  Zealot x6  
  160  10:58  Protoss Shields Level 1 (Chrono Boost)  
  160  11:01  Stargate  
  160  11:08  Zealot x2  
  160  11:09  Zealot x5  
  160  11:31  Carrier (Chrono Boost), Immortal  
  160  11:34  High Templar  
  160  11:35  High Templar  
  160  11:36  Zealot x6  
  160  11:39  Zealot x2  
  159  11:59  Carrier (Chrono Boost), Zealot x4  
  171  12:10  Carrier (Chrono Boost)  
  171  12:11  Observer  
  178  12:23  Pylon  
  178  12:26  Nexus, Pylon  
  178  12:27  High Templar  
  180  12:37  Pylon  
  180  12:44  Carrier  
  180  12:49  Observer  
  175  13:06  Zealot x8, Protoss Shields Level 2 (Chrono Boost)  
  175  13:09  Dark Shrine, Protoss Air Weapons Level 2 (Chrono Boost)  
  175  13:12  Carrier (Chrono Boost)  
  195  13:16  Observer  
  182  13:30  Photon Cannon x2  
  179  13:34  Photon Cannon  
  179  13:36  Shield Battery, Carrier (Chrono Boost)  
  185  13:55  Assimilator  
  185  13:57  Assimilator  
  191  14:05  Nexus  
  191  14:08  Observer  
  183  14:11  Carrier (Chrono Boost)  
  183  14:14  Carrier (Chrono Boost)  
  185  14:18  Flux Vanes  
  185  14:24  Pylon  
  185  14:28  Stargate  
  185  14:29  Stargate  
  189  14:34  Void Ray (Chrono Boost)  
  189  14:35  Observer  
  189  14:37  Zealot x2  
  189  14:38  Zealot  
  199  15:00  Void Ray (Chrono Boost)  
  199  15:12  Zealot  
  199  15:16  Void Ray  
  184  15:21  Zealot x2  
  184  15:22  Zealot x4  
  189  15:30  Void Ray x2 (Chrono Boost)  
  172  15:40  Zealot  
  172  15:42  Probe x2  
  177  15:43  Probe x3, Void Ray (Chrono Boost)  
  177  15:44  Void Ray (Chrono Boost)  
  177  15:49  High Templar x6  
  192  15:54  Probe x2  
  192  15:55  Probe x3  
  180  15:57  High Templar x5  
  180  16:03  Archon x2  
  194  16:04  Observer  
  194  16:06  Probe  
  196  16:11  Void Ray (Chrono Boost)  
  193  16:18  Void Ray  
  193  16:22  Nexus  
  193  16:23  High Templar x2  
  193  16:24  Nexus  
  185  16:48  Void Ray x3  
  185  16:50  High Templar x5  
  195  17:01  Pylon  
  195  17:03  Archon  
  195  17:04  Archon  
Tags
 
Add a new tag
Caveats
  • Supply blocks, unpowered buildings, or Contaminate may cause inaccurate times.
  • Supply counts are checked every 10 seconds.